 Dungeon Crawl Stone Soup version 0.30-a0-591-g3c58d2bc28 (webtiles) character file.

Game seed: 11468624697694859548

730 bmack86 the Chopper (level 7, -4/62 HPs)
             Began as a Minotaur Fighter on Jan 5, 2023.
             Succumbed to Eustachio's poison
             ... on level 6 of the Dungeon.
             The game lasted 00:10:45 (4065 turns).

bmack86 the Chopper (Minotaur Fighter)              Turns: 4065, Time: 00:10:46

Health: -4/62      AC: 10    Str: 22    XL:     7   Next: 44%
Magic:  6/6        EV:  7    Int: 11    God:
Gold:   207        SH: 10    Dex: 10    Spells: 6/6 levels left

rFire   + . .      SeeInvis .    a - +0 war axe
rCold   . . .      Faith    .    c - +0 buckler
rNeg    . . .      Spirit   .    n - +0 chain mail
rPois   .          Reflect  +    (helmet restricted)
rElec   +          Harm     .    (no cloak)
rCorr   +          Rampage  .    (no gloves)
Will    ++...                    (no boots) Stlth
                                 m - amulet of reflection
HPRegen 0.30/turn                e - ring of Vanity {Contam rElec rF+ Will++ Int+6}
MPRegen 0.10/turn                s - ring of resist corrosion

@: mighty, lethally poisoned (-4 -> -32)
A: horns 2, retaliatory headbutt
a: no special abilities


You were on level 6 of the Dungeon.
You visited 1 branch of the dungeon, and saw 6 of its levels.

You collected 207 gold pieces.

Inventory:

Hand Weapons
 a - a +0 war axe (weapon)
 o - a +0 dagger
Missiles
 l - 2 poisoned darts
 r - 6 javelins (quivered)
Armour
 b - a +0 scale mail
 c - a +0 buckler (worn)
 n - a +0 chain mail (worn)
Jewellery
 e - the ring of Vanity (left hand) {Contam rElec rF+ Will++ Int+6}
   (You acquired it on level 1 of the Dungeon)

   [ring of intelligence]

   Int:       It affects your intelligence (+6).
   rF:        It protects you from fire.
   rElec:     It insulates you from electricity.
   Contam:    It causes magical contamination when unequipped.
   Will:      It greatly increases your willpower.
 m - an amulet of reflection (around neck)
 s - a ring of resist corrosion (right hand)
Wands
 g - a wand of flame (13)
Scrolls
 f - 2 scrolls of teleportation
 q - a scroll of amnesia
Potions
 d - a potion of might
 h - 3 potions of flight
 i - 2 potions of curing
 j - 2 potions of attraction
 k - a potion of haste
 p - a potion of berserk rage {unknown}


   Skills:
 + Level 5.6 Fighting
 * Level 6.7 Axes
 + Level 5.7 Armour
 + Level 5.7 Shields


You had 6 spell levels left.
You didn't know any spells.
Your spell library contained the following spells:

 Spells                   Type           Power      Damage    Failure   Level
 Freeze                   Ice            0%         1d3       98%         1
 Slow                     Hex            0%         N/A       98%         1
 Cigotuvi's Dreadful Rot  Necr/Pois/Air  0%         N/A       99%         2
 Poisonous Vapours        Pois/Air       0%         N/A       99%         2
 Confusing Touch          Hex            0%         N/A       100%        3
 Frozen Ramparts          Ice            0%         1d1       100%        3
 Hailstorm                Conj/Ice       0%         3d3       100%        3
 Mephitic Cloud           Conj/Pois/Air  0%         N/A       100%        3
 Vampiric Draining        Necr           0%         2d6       100%        3
 Ice Form                 Ice/Tmut       0%         N/A       100%        4
 Simulacrum               Ice/Necr       0%         N/A       100%        6


Dungeon Overview and Level Annotations

Branches:
Dungeon (6/15)
 Temple: D:4-7

Altars:
Elyvilon
Gozag
Kikubaaqudgha
Nemelex Xobeh
Sif Muna
Uskayaw
Wu Jian
Xom
Yredelemnul
Zin
The Shining One

Annotations:
D:6 Eustachio


Innate Abilities, Weirdness & Mutations

You have a pair of horns on your head.
You reflexively headbutt those who attack you in melee.


Message History

The quokka's corpse disappears in a puff of smoke!
You hit the rat.
You kill the rat!
The rat's corpse disappears in a puff of smoke!
Eustachio casts a spell.
Eustachio blinks!
Eustachio barely misses you. Eustachio hits you but does no damage.
You barely miss Eustachio.
Eustachio is heavily wounded.
Eustachio hits you with a +3 rapier of venom. x2
You are poisoned.
You hit Eustachio. Your headbutt misses Eustachio.
Eustachio is heavily wounded.
You feel very sick. You block Eustachio's attack. x2
You hit Eustachio.
Eustachio is severely wounded.
You feel very sick. You block Eustachio's attack.
Eustachio growls, "To hell with you, honourless miscreant!"
Eustachio hits you with a +3 rapier of venom.
You are more poisoned.
You closely miss Eustachio. Your headbutt misses Eustachio.
Eustachio is severely wounded.
* * * LOW HITPOINT WARNING * * *
You feel very sick.
Eustachio gestures wildly while chanting.
Eustachio hits you with a +3 rapier of venom.
* * * LOW HITPOINT WARNING * * *
You are lethally poisoned!
You barely miss Eustachio. Your headbutt misses Eustachio.
Eustachio is severely wounded.
* * * LOW HITPOINT WARNING * * *
You feel very sick.
Eustachio hits you with a +3 rapier of venom.
* * * LOW HITPOINT WARNING * * *
You are more poisoned.
You barely miss Eustachio. Your headbutt misses Eustachio.
Eustachio is severely wounded.
You die...

#....#.⌠.
####....#...
#.......##.#
#.###....#.#
#.########.## ##
#.#...###)..###...#
#...⌠..)5.5.....⌠..
###...###.@.###...#
##### ##@## # #.#
#.# ... .⌠. #...#
##.## #.#


You could see Eustachio (fast), an iron imp (summoned) and a crimson imp
(summoned).

Vanquished Creatures
  A black bear (D:2)
  A bullfrog (D:5)
  A necrophage (D:4)
  A howler monkey (D:6)
  An orc priest (D:3)
  A gnoll bouda (D:5)
  2 jellies
  Terence (D:2)
  Jessica (D:2)
  Natasha (D:2)
  2 orc wizards (D:5)
  8 gnolls (D:5)
  5 adders
  3 worms
  4 dart slugs
  14 orcs
  4 bats
  3 endoplasms
  2 giant cockroaches
  5 goblins
  4 hobgoblins
  4 quokkas
  7 ball pythons
  2 frilled lizards (D:1)
  10 kobolds
  6 rats
94 creatures vanquished.

Notes
Turn   | Place    | Note
-------+----------+-------------------------------------------
     0 | D:1      | bmack86 the Minotaur Fighter began the quest for the Orb.
     0 | D:1      | Reached XP level 1. HP: 19/19 MP: 0/0
   201 | D:1      | Reached XP level 2. HP: 27/27 MP: 1/1
   276 | D:1      | Reached skill level 3 in Axes
   593 | D:1      | Identified a scroll of acquirement
   593 | D:1      | Acquired the ring of Vanity {Contam rElec rF+ Will++ Int+6}
   694 | D:2      | Reached XP level 3. HP: 33/33 MP: 2/2
   765 | D:2      | Noticed a black bear
   773 | D:2      | Killed a black bear
   774 | D:2      | Reached skill level 4 in Axes
   774 | D:2      | Reached XP level 4. HP: 28/41 MP: 3/3
   774 | D:2      | Reached XP level 5. HP: 32/47 MP: 4/4
   903 | D:2      | Noticed Natasha
   910 | D:2      | Killed Natasha
  1022 | D:2      | Noticed Jessica
  1034 | D:2      | Killed Jessica
  1093 | D:2      | Noticed Terence
  1099 | D:2      | Killed Terence
  1102 | D:2      | Reached skill level 5 in Axes
  1592 | D:3      | Reached XP level 6. HP: 31/55 MP: 5/5
  1690 | D:3      | Found an opulent altar of Gozag.
  1691 | D:3      | Found a sparkling altar of Nemelex Xobeh.
  1892 | D:3      | Reached skill level 5 in Armour
  1964 | D:3      | Found a glowing silver altar of Zin.
  1971 | D:3      | Reached skill level 5 in Shields
  2415 | D:4      | Reached skill level 5 in Fighting
  2455 | D:4      | Found an ancient bone altar of Kikubaaqudgha.
  2457 | D:4      | Found a shimmering blue altar of Sif Muna.
  2459 | D:4      | Found a hide-covered altar of Uskayaw.
  3029 | D:5      | Entered Level 5 of the Dungeon
  3275 | D:5      | Reached skill level 6 in Axes
  3297 | D:5      | Found an ornate altar of the Wu Jian Council.
  3357 | D:5      | Found a shimmering altar of Xom.
  3367 | D:5      | Reached XP level 7. HP: 58/61 MP: 6/6
  3423 | D:5      | Found a basalt altar of Yredelemnul.
  3423 | D:5      | Found a glowing golden altar of the Shining One.
  3430 | D:5      | Noticed an angel
  3513 | D:5      | Noticed a profane servitor
  4014 | D:6      | Found a white marble altar of Elyvilon.
  4022 | D:6      | Noticed Eustachio
  4064 | D:6      | HP: 3/62 [Eustachio/+3 rapier of venom (5)]
  4065 | D:6      | Succumbed to Eustachio's poison

Illustrated notes

Levels and vault maps discovered:
D:1:      dpeg_arrival_erosion, layout_rooms
D:2:      layout_loops_ring, hex_large, uniq_terence, uniq_natasha, uniq_jessica
D:3:      layout_rooms, grunt_temple_overflow_opulence,
          mainiacjoe_overflow_small_starburst, minmay_misc_feat_doors
D:4:      layout_basic, grunt_temple_overflow_open
D:5:      layout_basic, grunt_temple_overflow_holy_war, xom_teletrap_fun,
          nicolae_wu_jian_immortal_techniques
D:6:      layout_loops_cross, elyvilon_altar_1, lemuel_tele_altar, uniq_edmund,
          uniq_eustachio, uniq_maggie

Skill      XL: |  1  2  3  4  5  6 |
---------------+-------------------+-----
Axes           | 3 4 5 6 |  6.7
Fighting       | 4 5 |  5.6
Armour         | 4 5 |  5.7
Shields        | 4 5 |  5.7

Action                   |  1- 3 |  4- 6 |  7- 9 || total
-------------------------+-------+-------+-------++-------
Melee: War axe           |    65 |   131 |    52 ||   248
       Headbutt          |     7 |    20 |    10 ||    37
  Use: Scroll            |     2 |     9 |     1 ||    12
       Potion            |       |       |     1 ||     1
Armor: Scale mail        |    39 |    28 |       ||    67
       Chain mail        |       |    36 |    31 ||    67
Dodge: Dodged            |    32 |    40 |    14 ||    86
Block: Buckler           |    16 |    45 |    26 ||    87

Table legend: (Time is in decaauts)
 A = Elapsed time spent in this place.
 B = Non-inter-level travel time spent in this place.
 C = Inter-level travel time spent in this place.
 D = Time resting spent in this place.
 E = Time spent auto-exploring this place.
 F = Levels seen in this place.
 G = Mean time per level.
                   A        B        C        D        E       F      G
               +--------+--------+--------+--------+--------+-----+--------+
         Total |   4136 |   3954 |    182 |    143 |   2485 |   6 |  689.3 |
       Dungeon |   4136 |   3954 |    182 |    143 |   2485 |   6 |  689.3 |
               +--------+--------+--------+--------+--------+-----+--------+

Top non-repeatable levels by time:
     D:4: 1046 daAuts
     D:2: 899 daAuts
     D:5: 789 daAuts
     D:1: 669 daAuts
     D:3: 611 daAuts
     D:6: 120 daAuts
